 Dungeon Crawl Stone Soup version 0.31-a0-234-gad7ace16ef (webtiles) character file.

Game seed: 12345985442055170318

53 qw the Shooter (level 3, -5/21 HPs)
             Began as a Gargoyle Hexslinger on July 9, 2023.
             Killed by nerve-wracking pain
             ... invoked by Jessica
              (6 damage)
             ... on level 2 of the Dungeon.
             The game lasted 00:00:26 (1221 turns).

qw the Shooter (Gargoyle Hexslinger)                Turns: 1221, Time: 00:00:26

Health: -5/21      AC:  8    Str: 11    XL:     3   Next: 89%
Magic:  4/4        EV: 10    Int: 13    God:
Gold:   40         SH:  0    Dex: 14    Spells: 3/4 levels left

rFire   . . .        Y - +1 sling
rCold   . . .        (no shield)
rNeg    + . .        e - +0 ring mail
rPois   inf          (no helmet)
rElec   +            (no cloak)
rCorr   .            (no gloves)
SInv    .            (no boots)
Will    .....        (no amulet)
Stlth   +            (no ring)
HPRegen 0.23/turn    (no ring)
MPRegen 0.09/turn

%: no passive effects
@: slowed, very slow
A: sickness immunity, AC +3, negative energy resistance 1, electricity
resistance, torment resistance 1, petrification resistance
a: no special abilities


You were on level 2 of the Dungeon.
You visited 1 branch of the dungeon, and saw 2 of its levels.

You collected 40 gold pieces.


Innate Abilities, Weirdness & Mutations

You are immune to sickness and miasma.
Your stone body is resilient. (AC +3)
You are immune to poison.
You resist negative energy. (rN+)
You are resistant to electric shocks. (rElec)
You are resistant to unholy torment.
You are immune to petrification.


   Skills:
 - Level 2.0 Fighting
 + Level 3.7 Ranged Weapons
 - Level 1.5 Dodging
 - Level 1.0 Spellcasting
 - Level 2.6 Hexes


You had 3 spell levels left.
You knew the following spells:

 Your Spells              Type           Power      Damage    Failure   Level
a - Slow                  Hex            28%        N/A       22%         1

Your spell library contained the following spells:

 Spells                   Type           Power      Damage    Failure   Level
 Inner Flame              Hex/Fire       4%         N/A       75%         3
 Portal Projectile        Hex/Tloc       8%         N/A       75%         3
 Cause Fear               Hex            3%         N/A       92%         4

Inventory:

Hand Weapons
 Y - a +1 sling (weapon)
Armour
 e - a +0 ring mail (worn)

Dungeon Overview and Level Annotations

Branches:
Dungeon (2/15)

Altars:

Annotations:
D:2 Jessica


Message History

An adder comes into view.
Found a stone staircase leading up.
The adder hisses angrily.
The adder moves out of view.
You see here 5 stones.
You shoot a sling bullet. The sling bullet hits the adder!
The adder is severely wounded.
The adder closely misses you.
You shoot a sling bullet. The sling bullet hits the adder!
You kill the adder!
You see here an adder corpse.
Jessica the Apprentice Sorceress comes into view.
She is wielding a +1 dagger of venom.
Jessica shouts!
You shoot a sling bullet.
The sling bullet closely misses Jessica.
Jessica mumbles some strange words.
Jessica seems to speed up.
You shoot a sling bullet. The sling bullet hits Jessica.
Jessica is heavily wounded.
You shoot a sling bullet.
The sling bullet closely misses Jessica.
Jessica gestures wildly.
You shoot a sling bullet.
The sling bullet completely misses Jessica.
Jessica barely misses you.
You shoot a sling bullet. The sling bullet hits Jessica.
Jessica is heavily wounded.
Jessica casts a spell at you.
You feel yourself slow down. Jessica hits you but does no damage.
You shoot a sling bullet. The sling bullet barely misses Jessica.
Jessica drinks a potion.
Jessica seems to grow stronger.
Jessica hits you with a +1 dagger of venom.
Jessica hits you with a +1 dagger of venom!
You shoot a sling bullet.
The sling bullet closely misses Jessica.
Jessica mumbles something strange.
Jessica hits you with a +1 dagger of venom!
Jessica points at you and mumbles some strange words.
Pain shoots through your body!
You die...

# ######.#
####....#.#
.........
#..<#.#####
#.%........
#.#@.......
#(#@.......
#.#........
#.#...$....
#.#........
#.#........
#.#........
#.##.......
#.#


You could see Jessica (fast, strong).

Vanquished Creatures
  An adder (D:2)
  2 dart slugs (D:1)
  8 endoplasms (D:1)
  A giant cockroach (D:1)
  6 hobgoblins (D:1)
  4 jackals (D:1)
  3 kobolds (D:1)
  3 quokkas (D:1)
  2 ball pythons
  A frilled lizard (D:1)
  2 rats (D:1)
33 creatures vanquished.

Notes
Turn   | Place    | Note
-------+----------+-------------------------------------------
     0 | D:1      | qw the Gargoyle Hexslinger began the quest for the Orb.
     0 | D:1      | Reached XP level 1. HP: 12/12 MP: 2/2
     0 | D:1      | 0 ||| qw: Version: 0.3-a-51-g015441d
     0 | D:1      | 0 ||| qw: Game counter: 4092
     0 | D:1      | 0 ||| qw: Melee chars always use a shield: true
     0 | D:1      | 0 ||| qw: God list: Okawaru
     0 | D:1      | 0 ||| qw: Allow faded altars: false
     0 | D:1      | 0 ||| qw: Do Orc after clearing Dungeon:15 true
     0 | D:1      | 0 ||| qw: Do second Lair branch before Depths: true
     0 | D:1      | 0 ||| qw: Lair rune preference: random
     0 | D:1      | 0 ||| qw: Goals: Normal
     0 | D:1      | 0 ||| PLANNING D:1-11
    35 | D:1      | HP: 3/12 [jackal (2)]
   129 | D:1      | Reached XP level 2. HP: 16/16 MP: 3/3
   264 | D:1      | Reached skill level 3 in Ranged Weapons
   452 | D:1      | Reached XP level 3. HP: 21/21 MP: 4/4
   730 | D:1      | Found a faded altar of an unknown god.
  1061 | D:1      | 1061 ||| UPGRADING to +0 ring mail.
  1071 | D:1      | 1071 ||| DROPPING +0 robe.
  1072 | D:1      | 1072 ||| READING 2 scrolls labelled ZYOBIW ZAFRAB.
  1073 | D:1      | 1073 ||| DROPPING scroll of blinking.
  1074 | D:1      | 1074 ||| DROPPING scroll of poison.
  1214 | D:2      | Noticed Jessica
  1221 | D:2      | HP: 1/21 [Jessica/+1 dagger of venom (7)]
  1221 | D:2      | Killed from afar by Jessica

Levels and vault maps discovered:
D:1:      mrwooster_arrival_statue, layout_basic,
          shapermc_ecumenical_altar_ellora
D:2:      layout_basic, minivault_14, uniq_jessica

Skill      XL: |  1  2 |
---------------+-------+-----
Ranged Weapons | 3 |  3.7
Fighting       | 2 |  2.0
Dodging        | |  1.5
Spellcasting   | |  1.0
Hexes          | |  2.6

Action                     || total
---------------------------++-------
   Fire: Sling             ||   125
    Use: Scroll            ||     1
 Armour: Robe              ||    18
         Ring mail         ||     1
  Dodge: Dodged            ||    57

Table legend:
 A = Non-vault XP
 B = Vault XP
 C = Vault XP percentage of total XP
 D = Non-vault monster count
 E = Vault monster count
 F = Vault count percentage of total count
                 A         B        C        D         E       F
            +---------+---------+-------+---------+---------+-------
      Total |      77 |       0 |   0.0 |      33 |       0 |   0.0
            +---------+---------+-------+---------+---------+-------
        D:1 |      62 |       0 |   0.0 |      31 |       0 |   0.0
        D:2 |      15 |       0 |   0.0 |       2 |       0 |   0.0
            +---------+---------+-------+---------+---------+-------
